 Dungeon Crawl Stone Soup version 0.29-a0-384-g6960b1960d (webtiles) character file.

Game seed: 5891381456094940266

1380 dolemite99 the Ruffian (level 8, -3/66 (70) HPs)
             Began as a Troll Brigand on May 7, 2022.
             Was a Priest of Uskayaw.
             Slain by a wight
             ... wielding a +3 falchion of freezing
              (4 damage)
             ... on level 6 of the Dungeon.
             The game lasted 00:06:22 (4953 turns).

dolemite99 the Ruffian (Troll Brigand)              Turns: 4953, Time: 00:06:22

HP:   -3/66 (70)    AC:  5    Str: 22    XL:     8   Next: 39%
MP:   1/10          EV:  9    Int:  7    God:    Uskayaw [***...]
Gold: 318           SH:  0    Dex: 11    Spells: 7/7 levels left

rFire   . . .      SeeInvis .     - Unarmed
rCold   . . .      Faith    .   j - orb {light}
rNeg    . . .      Spirit   .   b - +0 robe
rPois   .          Reflect  .   (helmet restricted)
rElec   .          Harm     .   c - +0 cloak
rCorr   .          Rampage  .   (gloves unavailable)
Will    .....                   (boots unavailable)
Stlth   +.........              (no amulet)
HPRegen 1.01/turn               (no ring)
MPRegen 0.12/turn               (no ring)

@: glowing, drained
A: large, unfitting armour, claws 3, regeneration 1, shaggy fur 1, tough skin 1
a: Renounce Religion, Stomp, Line Pass


You were on level 6 of the Dungeon.
You worshipped Uskayaw.
Uskayaw was noncommittal.
You visited 1 branch of the dungeon, and saw 6 of its levels.

You collected 318 gold pieces.

Inventory:

Hand Weapons
 a - a +3 dagger
Armour
 b - a +0 robe (worn)
 c - a +0 cloak (worn)
 j - an orb of light (worn)
Magical Staves
 y - a staff of air
Jewellery
 o - a ring of fire
 p - a ring of protection from cold
 z - a +6 ring of intelligence
Wands
 l - a wand of charming (10)
 v - a wand of mindburst (1)
Scrolls
 e - a scroll of magic mapping {unknown}
 f - 5 scrolls of teleportation
 w - a scroll of fog
Potions
 d - 2 potions of degeneration {unknown}
 h - 2 potions of attraction
 i - a potion of haste
 k - a potion of mutation
 m - a potion of brilliance {unknown}
 n - a potion of ambrosia {unknown}
 q - a potion of curing
 r - a potion of lignification {unknown}
 s - 2 potions of might {unknown}
 t - 2 potions of heal wounds {unknown}
 u - a potion of berserk rage {unknown}
 x - a potion of cancellation {unknown}


   Skills:
 - Level 1.5 Fighting
 - Level 1.5 Short Blades
 + Level 5.4 Throwing
 - Level 0.7 Dodging
 - Level 2.1 Stealth
 + Level 6.3 Unarmed Combat
 + Level 5.0 Invocations


You had 7 spell levels left.
You didn't know any spells.
Your spell library contained the following spells:

 Spells                   Type           Power      Damage    Failure   Level
 Tukima's Dance           Hex            0%         N/A       80%         3
 Anguish                  Hex/Necr       0%         N/A       99%         4
 Blade Hands              Tmut           0%         N/A       100%        5
 Irradiate                Conj/Tmut      0%         3d13      100%        5
 Dragon Form              Tmut           0%         N/A       100%        7
 Enfeeble                 Hex            0%         N/A       100%        7


Dungeon Overview and Level Annotations

Branches:
Dungeon (6/15)
 Temple: D:4-7

Altars:
Ashenzari
Hepliaklqana
Makhleb
Qazlal
Uskayaw
Yredelemnul
The Shining One

Annotations:
D:5 1 runed translucent door, Antichthon's ghost, amateur GrFi


Innate Abilities, Weirdness & Mutations

You are too large for most types of armour.
You have claws for hands.
Your natural rate of healing is unusually fast.
You are covered in fur. (AC +1)
You have tough skin. (AC +1)


Message History

You claw the wight!
You destroy the wight!
The wight is no longer paralysed. x3
The wight hits you with a +4 morningstar!
The wight closely misses you.
Items here: )) ? [[.
You stomp with the beat, sending a shockwave through the revellers around you!
The wight is heavily damaged.
The wight is severely damaged.
The wight hits you with a +1 long sword!
You feel drained.
Uskayaw will force your foes to helplessly watch your dance.
You stomp with the beat, sending a shockwave through the revellers around you!
The wight is severely damaged.
The wight is moderately damaged.
You destroy the wight!
The wight closely misses you.
The wight hits you with a +3 falchion of freezing!
You feel drained.
* * * LOW HITPOINT WARNING * * *
The wight freezes you.
* * * LOW HITPOINT WARNING * * *
Uskayaw will force your foes to helplessly watch your dance.
You stomp with the beat, sending a shockwave through the revellers around you!
You destroy the wight!
The wight is severely damaged.
The wight hits you with a +3 falchion of freezing!
* * * LOW HITPOINT WARNING * * *
You feel drained.
* * * LOW HITPOINT WARNING * * *
The wight freezes you.
* * * LOW HITPOINT WARNING * * *
Uskayaw will force your foes to helplessly watch your dance.
Your Invocations skill increases to level 5!
Okay, then.
You feel better.
The wight hits you with a +3 falchion of freezing!
* * * LOW HITPOINT WARNING * * *
The wight freezes you.
You die...

#### ##รท<#
#..## #..# .
##..# .# #.)@#
..# #.)z###.#
#...#..##
##.......##
#.........##
##..#.......#
#.
#..#..###....
.. ##..#..##
..?# .#
##..#....#....#
.#


You could see a wight.

Vanquished Creatures
  3 black bears
  A sky beast (D:6)
  A centaur (D:5)
  An ogre (D:6)
  A phantom (D:5)
  3 scorpions (D:5)
  4 wights (D:6)
  A jelly (D:5)
  An orc priest (D:5)
  2 hounds
  Ijyb (D:4)
  An iguana (D:4)
  An orc wizard (D:5)
  4 gnolls
  6 adders
  2 dart slugs
  12 orcs
  5 ball pythons
  3 bats
  7 endoplasms
  5 giant cockroaches
  7 goblins
  8 hobgoblins
  6 jackals
  8 kobolds
  8 quokkas
  4 frilled lizards
  7 rats
  A spectral orc (D:4)
114 creatures vanquished.

Vanquished Creatures (collateral kills)
  A hobgoblin (D:4)
1 creature vanquished.

Vanquished Creatures (others)
  5 plants (D:6)
5 creatures vanquished.

Grand Total: 120 creatures vanquished

Notes
Turn   | Place    | Note
-------+----------+-------------------------------------------
     0 | D:1      | dolemite99 the Troll Brigand began the quest for the Orb.
     0 | D:1      | Reached XP level 1. HP: 19/19 MP: 0/0
    62 | D:1      | Reached skill level 1 in Unarmed Combat
   108 | D:1      | Reached XP level 2. HP: 27/27 MP: 1/1
   140 | D:1      | Reached skill level 2 in Unarmed Combat
   528 | D:1      | Reached XP level 3. HP: 31/33 MP: 2/2
   722 | D:1      | Found a faded altar of an unknown god.
   789 | D:1      | Prayed at the altar of an unknown god.
   789 | D:1      | Became a worshipper of Uskayaw the Reveller
   789 | D:1      | Reached * piety under Uskayaw
   955 | D:2      | Reached ** piety under Uskayaw
   956 | D:2      | Reached skill level 3 in Unarmed Combat
  1181 | D:2      | Reached XP level 4. HP: 41/41 MP: 3/3
  1512 | D:2      | Reached skill level 4 in Unarmed Combat
  1962 | D:3      | Noticed a black bear
  1969 | D:3      | Killed a black bear
  1970 | D:3      | Reached skill level 5 in Unarmed Combat
  1970 | D:3      | Reached XP level 5. HP: 48/48 MP: 4/4
  2448 | D:3      | Found a hazy altar of Hepliaklqana.
  2448 | D:3      | Found a burning altar of Makhleb.
  2481 | D:3      | Found a stormy altar of Qazlal.
  2688 | D:4      | Found a basalt altar of Yredelemnul.
  2898 | D:4      | Noticed Ijyb
  2978 | D:4      | Reached XP level 6. HP: 53/55 MP: 5/5
  3059 | D:4      | Reached skill level 1 in Invocations
  3059 | D:4      | Reached *** piety under Uskayaw
  3207 | D:5      | Entered Level 5 of the Dungeon
  3300 | D:4      | Killed Ijyb
  3579 | D:5      | Found a broken altar of Ashenzari.
  3602 | D:5      | Reached XP level 7. HP: 62/62 MP: 7/7
  3899 | D:5      | Found a runed translucent door.
  3947 | D:5      | Noticed Antichthon's ghost (amateur GrFi)
  4212 | D:5      | Reached XP level 8. HP: 58/70 MP: 10/10
  4513 | D:6      | Found a glowing golden altar of the Shining One.
  4828 | D:6      | Reached skill level 5 in Throwing
  4833 | D:6      | Reached skill level 6 in Unarmed Combat
  4952 | D:6      | HP: 1/64 [wight/+3 falchion of freezing (4)]
  4953 | D:6      | Reached skill level 5 in Invocations
  4953 | D:6      | Slain by a wight

Illustrated notes

Levels and vault maps discovered:
D:1:      nicolae_arrival_somewhat_less_tricky_arrival, layout_loops_ring,
          shapermc_ecumenical_altar_petra
D:2:      layout_basic, chequers_mini_garden, amethyst_killhole,
          minmay_crystal_room, minmay_quadrilaterals
D:3:      layout_loops_ring, nicolae_qazlal_eye_of_the_storm,
          gammafunk_temple_overflow_wave, minmay_misc_feat_rows,
          patterned_corridor
D:4:      layout_rooms, yredelemnul_forgotten_temple_becter,
          chequers_serial_rivers_micro_c, uniq_ijyb
D:5:      layout_basic, lemuel_crystal_altar, ebering_ghost_sewer_d
D:6:      layout_layer_cave, mainiacjoe_overflow_boulevard

Skill      XL: |  1  2  3  4  5  6  7  8 |
---------------+-------------------------+-----
Unarmed Combat | 1 2 3 5 6 |  6.3
Throwing       | 2 3 4 5 |  5.4
Invocations    | 2 4 5 |  5.0
Fighting       | |  1.5
Short Blades   | |  1.5
Dodging        | |  0.7
Stealth        | |  2.1

Action                   |  1- 3 |  4- 6 |  7- 9 || total
-------------------------+-------+-------+-------++-------
Melee: Unarmed           |    58 |   103 |    55 ||   216
       Punch             |     1 |       |       ||     1
Throw: Dart              |    55 |    43 |     3 ||   101
       Boomerang         |       |    24 |    21 ||    45
Invok: Stomp             |       |       |     3 ||     3
Evoke: Wand              |       |     2 |       ||     2
  Use: Scroll            |       |     9 |     1 ||    10
       Potion            |       |       |     1 ||     1
 Stab: Paralysed         |       |     1 |     5 ||     6
       Sleeping          |       |       |     1 ||     1
Armor: Robe              |    22 |    32 |    14 ||    68
Dodge: Dodged            |    25 |    34 |    19 ||    78

Table legend: (Time is in decaauts)
 A = Elapsed time spent in this place.
 B = Non-inter-level travel time spent in this place.
 C = Inter-level travel time spent in this place.
 D = Time resting spent in this place.
 E = Time spent auto-exploring this place.
 F = Levels seen in this place.
 G = Mean time per level.
                   A        B        C        D        E       F      G
               +--------+--------+--------+--------+--------+-----+--------+
         Total |   4934 |   4698 |    236 |    711 |   3019 |   6 |  822.3 |
       Dungeon |   4934 |   4698 |    236 |    711 |   3019 |   6 |  822.3 |
               +--------+--------+--------+--------+--------+-----+--------+

Top non-repeatable levels by time:
     D:5: 1181 daAuts
     D:2: 973 daAuts
     D:1: 943 daAuts
     D:4: 894 daAuts
     D:3: 678 daAuts
     D:6: 262 daAuts
